 Dungeon Crawl Stone Soup version 0.21.1-1-g345015f (webtiles) character file.

1156 poirepourri the Archer (level 8, -4/61 HPs)
             Began as a Centaur Hunter on June 4, 2018.
             Slain by fishrc's ghost (17 damage)
             ... on level 6 of the Dungeon.
             The game lasted 00:05:26 (5571 turns).

poirepourri the Archer (Centaur Hunter)             Turns: 5571, Time: 00:05:27

Health: -4/61      AC:  7    Str: 14    XL:     8   Next: 16%
Magic:  8/8        EV:  9    Int: 10    God:
Gold:   216        SH:  0    Dex: 13    Spells: 7/7 levels left

rFire    . . .     SeeInvis .   a - +3 shortbow
rCold    . . .     Gourm    .   (shield currently unavailable)
rNeg     . . .     Faith    .   c - +0 leather armour
rPois    .         Spirit   .   p - +1 helmet
rElec    .         Reflect  .   (no cloak)
rCorr    .         Harm     .   k - +0 pair of gloves
MR       .....                  (no barding)
Stlth    ++........             (no amulet)
HPRegen  0.20/turn              h - ring of stealth
MPRegen  0.11/turn              (no ring)

@: drained, very quick
A: large, hooves 3, deformed body, speed 2, tough skin 3
a: no special abilities


You were on level 6 of the Dungeon.
You were not hungry.

You visited 1 branch of the dungeon, and saw 6 of its levels.

You collected 216 gold pieces.

Inventory:

Hand Weapons
 a - a +3 shortbow (weapon)
 b - a +0 short sword
Missiles
 d - 6 arrows (quivered)
Armour
 c - a +0 leather armour (worn)
 k - a +0 pair of gloves (worn)
 p - a +1 helmet (worn)
Jewellery
 h - a ring of stealth (left hand)
Wands
 j - a wand of enslavement (9)
 o - a wand of random effects (37)
Scrolls
 e - a scroll of identify
 g - a scroll of teleportation
Potions
 i - a potion of agility
 l - 3 potions of curing
 m - a potion of heal wounds
Comestibles
 f - 7 rations


   Skills:
 - Level 2.0(1.4) Fighting
 + Level 13.2(12.4) Bows
 - Level 1.3(0.8) Dodging
 - Level 0.4(0.0) Stealth


You had 7 spell levels left.
You didn't know any spells.

Dungeon Overview and Level Annotations

Branches:
Dungeon (6/15)
 Temple: D:4-7

Altars:
Wu Jian

Annotations:
D:6 fishrc's ghost, novice MiFi


Innate Abilities, Weirdness & Mutations

You have hooves in place of feet.
Armour fits poorly on your strangely shaped body.
You cover ground very quickly.
You have extremely tough skin. (AC +3)


Message History

Fishrc's ghost hits you!
* * * LOW HITPOINT WARNING * * *
Firing (i - inventory):
d - 7 arrows (quivered)
Press: ? - help, Shift-Dir - straight line, f/p - fishrc's ghost
Aim: fishrc's ghost (severely damaged)
You shoot an arrow. The arrow hits fishrc's ghost.
Fishrc's ghost is severely damaged.
The wight hits you with a morningstar!
* * * LOW HITPOINT WARNING * * *
You feel drained.
* * * LOW HITPOINT WARNING * * *
Unknown command.
You feel much better.
Fishrc's ghost hits you but does no damage.
The wight hits you with a morningstar.
* * * LOW HITPOINT WARNING * * *
You feel drained.
* * * LOW HITPOINT WARNING * * *
Fishrc's ghost hits you!
You die...

#...#
###+#######...##
#....#.........#
#....#.........#
#....#.........#
#....#.........#
##....#..z.(....#
#....###.W##(..##
####..##@.##...####
#.......#..(....#
#.....|.#..(....#
#.......#.......#
###'###.####...##
##..<##.####(#####
#.....#...#......#
#.....#...#....(.#
#.....#...#.....z#


You could see a wight and fishrc's ghost.

Vanquished Creatures
  The ghost of nicolaieve the Conjurer, an amateur DrCj (D:4)
  2 phantoms
  An ogre (D:5)
  A hound (D:5)
  A jelly (D:5)
  A bullfrog skeleton (D:2)
  2 orc priests
  4 worker ants
  3 iguanas (D:4)
  7 orc wizards
  Robin (D:4)
  4 gnolls (D:3)
  5 adders
  An ooze (D:2)
  2 adder skeletons (D:4)
  A worm (D:2)
  5 dart slugs
  3 leopard geckos
  19 orcs
  6 giant cockroaches
  13 goblins
  13 hobgoblins
  8 jackals
  2 quokkas
  A ball python (D:1)
  7 bats
  4 frilled lizards
  10 kobolds
  5 rats
133 creatures vanquished.

Vanquished Creatures (others)
  A plant (D:2)
1 creature vanquished.

Grand Total: 134 creatures vanquished

Notes
Turn   | Place    | Note
-------+----------+-------------------------------------------
     0 | D:1      | poirepourri the Centaur Hunter began the quest for the Orb.
     0 | D:1      | Reached XP level 1. HP: 17/17 MP: 1/1
     2 | D:1      | Noticed a dwarf
     2 | D:1      | Noticed a demigod
     4 | D:1      | Noticed an octopode
     4 | D:1      | Noticed a centaur
     6 | D:1      | Noticed a gargoyle
     6 | D:1      | Noticed an elf
     8 | D:1      | Noticed a spriggan
    10 | D:1      | Noticed a tengu
    10 | D:1      | Noticed a vine stalker
    12 | D:1      | Noticed a formicid
    14 | D:1      | Noticed a demonspawn
    14 | D:1      | Noticed a merfolk
    16 | D:1      | Noticed a human
    18 | D:1      | Noticed a naga
    20 | D:1      | Noticed a ghoul
    20 | D:1      | Noticed a halfling
    22 | D:1      | Noticed a troll
    22 | D:1      | Noticed a draconian
    24 | D:1      | Noticed a minotaur
    24 | D:1      | Noticed an ogre
    26 | D:1      | Noticed a vampire
    26 | D:1      | Noticed a felid
   333 | D:1      | Reached XP level 2. HP: 24/24 MP: 2/2
   367 | D:1      | Reached skill level 6 in Bows
   948 | D:2      | Reached XP level 3. HP: 29/29 MP: 3/3
  1250 | D:2      | Reached skill level 7 in Bows
  1466 | D:2      | Reached XP level 4. HP: 36/36 MP: 4/4
  1750 | D:3      | Reached skill level 8 in Bows
  1834 | D:3      | Reached XP level 5. HP: 41/41 MP: 5/5
  1967 | D:3      | HP: 1/41 [orc wizard/magic dart (5)]
  1972 | D:3      | Reached skill level 9 in Bows
  3387 | D:4      | Reached XP level 6. HP: 48/48 MP: 6/6
  3531 | D:4      | Noticed Robin
  3573 | D:4      | Killed Robin
  3649 | D:4      | Noticed nicolaieve's ghost (amateur DrCj)
  3681 | D:4      | Reached skill level 10 in Bows
  3702 | D:4      | Killed nicolaieve's ghost
  3954 | D:4      | Reached XP level 7. HP: 50/55 MP: 7/7
  4165 | D:4      | Reached skill level 11 in Bows
  4460 | D:5      | Entered Level 5 of the Dungeon
  4504 | D:5      | Reached skill level 12 in Bows
  4847 | D:5      | Reached XP level 8. HP: 61/61 MP: 8/8
  4876 | D:5      | Reached skill level 13 in Bows
  5115 | D:5      | Found an ornate altar of the Wu Jian Council.
  5536 | D:6      | Noticed fishrc's ghost (novice MiFi)
  5569 | D:6      | HP: 3/61 [wight/morningstar (10)]
  5569 | D:6      | HP: 1/61 [wight/morningstar (2)]
  5571 | D:6      | Slain by fishrc's ghost

Skill      XL: |  1  2  3  4  5  6  7  8 |
---------------+-------------------------+-----
Bows           | 6 7 8 9 10 12 13 | 13.2
Fighting       | |  2.0
Dodging        | |  1.3
Stealth        | |  0.4

Action                   |  1- 3 |  4- 6 |  7- 9 || total
-------------------------+-------+-------+-------++-------
Melee: Short sword       |       |     5 |       ||     5
       Kick              |       |     2 |       ||     2
       Shortbow          |       |     1 |       ||     1
 Fire: Shortbow          |   101 |   168 |   178 ||   447
  Use: Scroll            |     3 |     3 |     3 ||     9
       Potion            |       |     2 |     2 ||     4
  Eat: Ration            |       |     2 |     1 ||     3
Armor: Leather armour    |    10 |    26 |    12 ||    48
Dodge: Dodged            |    15 |    19 |     8 ||    42
